 Dungeon Crawl Stone Soup version 0.29.0-11-gd7f09526c8 (webtiles) character file.

Game seed: 5453280287545024390

7 groovy9 the Ruffian (level 1, -8/22 HPs)
             Began as a Troll Berserker on Sept 6, 2022.
             Was a Follower of Trog.
             Mangled by a small abomination (9 damage)
             ... on level 1 of the Abyss.
             The game lasted 00:01:57 (191 turns).

groovy9 the Ruffian (Troll Berserker)                Turns: 191, Time: 00:01:58

Health: -8/22      AC:  4    Str: 24    XL:     1   Next: 91%
Magic:  0/0        EV: 10    Int:  3    God:    Trog [*.....]
Gold:   46         SH:  0    Dex:  9    Spells: 0/0 levels left

rFire   . . .      SeeInvis .     - Unarmed
rCold   . . .      Faith    .   (no shield)
rNeg    . . .      Spirit   .   a - +0 animal skin
rPois   .          Reflect  .   (helmet restricted)
rElec   .          Harm     .   (no cloak)
rCorr   .          Rampage  .   (gloves unavailable)
Will    .....                   (boots unavailable)
Stlth   +.........              (no amulet)
HPRegen 0.87/turn               (no ring)
MPRegen 0.07/turn               (no ring)

@: no status effects
A: large, unfitting armour, claws 3, regeneration 1, shaggy fur 1, tough skin 1
a: Renounce Religion, Berserk


You were on level 1 of the Abyss.
You worshipped Trog.
Trog was aware of your devotion.
You visited 1 branch of the dungeon, and saw 1 of its levels.
You visited the Abyss 1 time.

You collected 46 gold pieces.

Inventory:

Armour
 a - a +0 animal skin (worn)
Scrolls
 b - a scroll of immolation {unknown}
 c - a scroll of poison {unknown}
Potions
 d - a potion of berserk rage {unknown}


   Skills:
 - Level 2.4 Fighting
 + Level 2.5 Dodging
 * Level 3.3 Unarmed Combat


You couldn't memorise any spells.
You didn't know any spells.
Your spell library was empty.

Dungeon Overview and Level Annotations

Branches:
Dungeon (1/15)

Altars:

Shops:
D:1 [


Innate Abilities, Weirdness & Mutations

You are too large for most types of armour.
You have claws for hands.
Your natural rate of healing is unusually fast.
You are covered in fur. (AC +1)
You have tough skin. (AC +1)


Message History

You kill the giant cockroach!
Trog accepts your kill.
No target in view!
You see here a giant cockroach corpse.
You now have 29 gold pieces (gained 7).
You open the door.
There is an open door here.
There is an open door here.
A kobold comes into view.
It is wielding a +2 dagger of distortion.
You scratch the kobold but do no damage.
The kobold hits you but does no damage. Space warps horribly around you!!
Ouch! That really hurt!
* * * LOW HITPOINT WARNING * * *
You are too injured to fight recklessly!
You are too injured to fight recklessly!
You barely miss the kobold.
The kobold hits you with a +2 dagger of distortion.
* * * LOW HITPOINT WARNING * * *
You are cast into the Abyss!
To return, you must find a gate leading back.
Killing monsters will force the Abyss to allow you passage.
This branch contains the abyssal rune of Zot.
You start resting.
A purple ugly thing and 2 purple very ugly things come into view.
Found 100 gold pieces.
You now have 46 gold pieces (gained 17).
You barely miss the small abomination. You closely miss the small abomination.
You claw the small abomination!
The small abomination is heavily damaged.
The small abomination hits you!
You scratch the small abomination but do no damage.
The small abomination is heavily damaged.
The small abomination hits you!
Ouch! That really hurt!
* * * LOW HITPOINT WARNING * * *
You claw the small abomination!
The small abomination is almost destroyed.
The small abomination hits you!
You die...

. #. #... #
.######....
u§u.. ......###
..............#
# .....#
##.##....#
+#..#.# ...
#.##.# . #.#@$#
# #..$x#.#
......#.##
....#+#.....
##.. .## ...
#.. . ....# .#.
. .... ## ....


You could see a small abomination.

Vanquished Creatures
  A dart slug (D:1)
  A giant cockroach (D:1)
  A hobgoblin (D:1)
  A ball python (D:1)
  2 rats (D:1)
6 creatures vanquished.

Notes
Turn   | Place    | Note
-------+----------+-------------------------------------------
     0 | D:1      | groovy9 the Troll Berserker began the quest for the Orb.
     0 | D:1      | Reached XP level 1. HP: 22/22 MP: 0/0
    79 | D:1      | Found Uprol's Antique Armour Shoppe.
   167 | Abyss:1  | Cast into level 1 of the Abyss (kobold)
   182 | Abyss:1  | Noticed a purple very ugly thing
   182 | Abyss:1  | Noticed a purple ugly thing
   182 | Abyss:1  | Noticed a purple very ugly thing
   187 | Abyss:1  | Noticed a small abomination
   190 | Abyss:1  | HP: 1/22 [small abomination (12)]
   191 | Abyss:1  | Mangled by a small abomination

Illustrated notes

Levels and vault maps discovered:
D:1:      tarquinn_simple_flora_water_e, layout_basic, serial_shops, shop,
          serial_bayou_pond_d, minmay_tromino_v4_c
Abyss:1:  base: D:1, minivault_22

Action                   || total
-------------------------++-------
Melee: Unarmed           ||    19
Armor: Animal skin       ||     3
Dodge: Dodged            ||     8
